 Dungeon Crawl Stone Soup version 0.29.1-1-gd02db6906a (webtiles) character file.

Game seed: 12368416103392848880

174 Earthwalker the Poker (level 5, 0/42 HPs)
             Began as a Merfolk Abyssal Knight on Oct 7, 2022.
             Was an Elder of Lugonu.
             Succumbed to an adder's poison
             ... in a sewer.
             The game lasted 00:13:05 (3074 turns).

Earthwalker the Poker (Merfolk Abyssal Knight)      Turns: 3074, Time: 00:13:06

Health: 0/42       AC:  6    Str: 14    XL:     5   Next: 54%
Magic:  6/6        EV: 15    Int:  9    God:    Lugonu [****..]
Gold:   205        SH:  0    Dex: 16    Spells: 4/4 levels left

rFire   . . .      SeeInvis .   a - +1 spear
rCold   . . .      Faith    .   (no shield)
rNeg    . . .      Spirit   .   j - +1 ring mail
rPois   .          Reflect  .   (no helmet)
rElec   .          Harm     .   (no cloak)
rCorr   .          Rampage  .   (no gloves)
Will    .....                   (boots currently unavailable)
Stlth   ++........              (no amulet)
HPRegen 0.14/turn               (no ring)
MPRegen 0.10/turn               (no ring)

@: lethally poisoned (0 -> -2), very quick
A: nimble swimmer 2, mertail
a: Renounce Religion, Depart the Abyss, Bend Space, Banish, Corrupt


You were in a sewer.
You worshipped Lugonu.
Lugonu was greatly pleased with you.
You visited 1 branch of the dungeon, and saw 3 of its levels.
You visited the Abyss 1 time.
You also visited: Sewer.

You collected 205 gold pieces.

Inventory:

Hand Weapons
 a - a +1 spear (weapon)
Armour
 b - a +0 leather armour
 j - a +1 ring mail (worn)
 k - the +0 ring mail of Life {Harm Dex+3 SInv}
   (You found it on level 2 of the Dungeon)

   Dex:       It affects your dexterity (+3).
   SInv:      It lets you see invisible.
   Harm:      It increases damage dealt and taken.
 m - a +0 scale mail
Wands
 g - a wand of light (15)
Scrolls
 c - a scroll of vulnerability {unknown}
 i - 3 scrolls of poison
 l - 3 scrolls of teleportation {unknown}
 o - a scroll of fear {unknown}
 p - a scroll of torment {unknown}
 r - a scroll of enchant armour
 s - a scroll of blinking {unknown}
Potions
 d - a potion of might
 e - a potion of haste {unknown}
 f - a potion of heal wounds {unknown}
 h - 2 potions of curing {unknown}
 n - 3 potions of degeneration
 q - 5 potions of flight


   Skills:
 + Level 4.0 Fighting
 + Level 5.3 Polearms
 + Level 1.7 Armour
 + Level 3.7 Dodging
 + Level 2.0 Invocations


You had 4 spell levels left.
You didn't know any spells.
Your spell library contained the following spells:

 Spells                   Type           Power      Damage    Failure   Level
 Slow                     Hex            0%         N/A       63%         1
 Confusing Touch          Hex            0%         N/A       94%         3
 Inner Flame              Hex/Fire       0%         N/A       94%         3
 Vampiric Draining        Necr           0%         2d6       94%         3
 Cause Fear               Hex            0%         N/A       100%        4
 Discord                  Hex            0%         N/A       100%        8


Dungeon Overview and Level Annotations

Branches:
Dungeon (3/15)              Sewer (1/1)

Altars:


Innate Abilities, Weirdness & Mutations

You are very nimble when in or above water. (Stealth+, EV+, Speed+++)
Your lower body shifts to a powerful aquatic tail in water.


Message History

You feel sick. The adder bites you. x2
The adder bites you but does no damage. The adder barely misses you.
You hit the adder. You tail-slap the adder.
The adder is almost dead.
You feel sick. The adder bites you but does no damage.
The adder barely misses you. The adder closely misses you. x2
You hit the adder but do no damage.
The adder is almost dead.
The adder closely misses you. The adder bites you but does no damage.
The adder barely misses you. The adder misses you.
The adder bites you but does no damage.
You closely miss the adder.
The adder is almost dead.
You feel sick. The adder bites you.
* * * LOW HITPOINT WARNING * * *
The adder bites you.
* * * LOW HITPOINT WARNING * * *
You are lethally poisoned!
The adder poisons you! The adder closely misses you. The adder misses you.
You closely miss the adder.
You tail-slap the adder, but do no damage.
The adder is almost dead.
* * * LOW HITPOINT WARNING * * *
You feel sick. The adder bites you but does no damage.
The adder barely misses you. The adder closely misses you.
The adder barely misses you.
You hit the adder.
You kill the adder!
Lugonu accepts your kill.
* * * LOW HITPOINT WARNING * * *
You feel sick. The adder closely misses you. The adder misses you. x2
The adder closely misses you.
* * * LOW HITPOINT WARNING * * *
You feel sick.
* * * LOW HITPOINT WARNING * * *
You feel sick. The adder completely misses you. The adder closely misses you.
* * * LOW HITPOINT WARNING * * *
You feel sick.
You die...

#################################
≈~~~~~~~~~~.~S~.~..†~~.~~~~~.†~~~
≈.≈≈≈≈≈≈≈≈≈≈≈≈S≈@≈≈≈≈≈≈≈≈≈≈≈≈≈≈≈≈
≈~≈~~.~.~÷.~~~S.~~~.~~~~~~~~~~..~
#~≈~#####~≈~#####################
#~≈~# #~†~# ###### #~≈.# #~≈~#
#....# .~≈~# #~≈~#
#####++#####''### ~~≈~# #.≈~#
#∩..............~ ~~≈~# #~≈~#
#∩............... #~≈.# #~≈~#
#####''#####''###


You could see 3 adders.

Vanquished Creatures
  A river rat (Sewer)
  9 adders
  A dart slug (D:1)
  9 ball pythons
  4 endoplasms
  9 giant cockroaches
  4 goblins
  6 hobgoblins
  9 jackals
  5 quokkas
  11 bats
  A frilled lizard (D:1)
  3 kobolds
  4 rats (D:1)
76 creatures vanquished.

Notes
Turn   | Place    | Note
-------+----------+-------------------------------------------
     0 | Abyss:1  | Earthwalker the Merfolk Abyssal Knight began the quest for
                  | the Orb.
     0 | Abyss:1  | Reached XP level 1. HP: 18/18 MP: 2/2
     3 | D:1      | Escaped the Abyss
   149 | D:1      | Reached XP level 2. HP: 19/24 MP: 3/3
   214 | D:1      | Reached skill level 3 in Polearms
   668 | D:1      | Reached XP level 3. HP: 24/30 MP: 4/4
   858 | D:1      | Reached *** piety under Lugonu
  1017 | D:2      | Reached skill level 1 in Armour
  1345 | D:2      | Reached skill level 4 in Polearms
  1374 | D:2      | Identified the +0 ring mail of Life {Harm Dex+3 SInv}
  1578 | D:2      | Reached XP level 4. HP: 28/37 MP: 5/5
  2344 | D:3      | Found a glowing drain.
  2361 | Sewer    | Entered a sewer
  2373 | Sewer    | Reached XP level 5. HP: 23/42 MP: 6/6
  2601 | Sewer    | Reached skill level 5 in Polearms
  2934 | Sewer    | Reached **** piety under Lugonu
  3069 | Sewer    | HP: 2/42 [poisoned by an adder]
  3074 | Sewer    | Succumbed to an adder's poison

Illustrated notes

Levels and vault maps discovered:
D:1:      dpeg_arrival_tiny_f, layout_loops_ring, serial_forest,
          infiniplex_forest_corner_1, infiniplex_forest_lined_3_way,
          infiniplex_forest_straight_1, infiniplex_forest_clump_curved,
          infiniplex_forest_lined_corner, infiniplex_forest_clump_small,
          infiniplex_forest_straight_4, infiniplex_forest_clump_medium,
          grunt_decor_one_mirror
D:2:      layout_rooms
D:3:      layout_basic, portal_sewer_entry_d
Sewer:    sewer_fruit_machine

Skill      XL: |  1  2  3  4  5 |
---------------+----------------+-----
Dodging        | 3 |  3.7
Polearms       | 3 4 5 |  5.3
Armour         | 1 |  1.7
Fighting       | 4 |  4.0
Invocations    | |  2.0

Action                   |  1- 3 |  4- 6 || total
-------------------------+-------+-------++-------
Melee: Spear             |   132 |   193 ||   325
       Punch             |     1 |     2 ||     3
       Tailslap          |       |    12 ||    12
  Use: Scroll            |     1 |     4 ||     5
 Stab: Sleeping          |     1 |       ||     1
Armor: Leather armour    |    35 |       ||    35
       Ring mail         |    13 |    74 ||    87
Dodge: Dodged            |    70 |   183 ||   253
